 Dungeon Crawl Stone Soup version 0.17.1-3-g152610e (webtiles) character file.

2891 Yevrel the Spear-Bearer (level 9, 0/81 HPs)
             Began as a Minotaur Berserker on Apr 4, 2016.
             Was an Elder of Trog.
             Slain by a hippogriff (5 damage)
             ... on level 7 of the Dungeon.
             The game lasted 00:18:36 (5802 turns).

Yevrel the Spear-Bearer (Minotaur Berserker)        Turns: 5802, Time: 00:18:36

Health: 0/81       AC: 13    Str: 24    XL:     9   Next: 48%
Magic:  8/8        EV: 11    Int:  4    God:    Trog [****..]
Gold:   291        SH:  0    Dex: 11    Spells: 0 memorised, 8 levels left

rFire  . . .     SeeInvis .     I - +0 bardiche
rCold  . . .     Clarity  .     W - +0 chain mail
rNeg   . . .     SustAt   .     (shield currently unavailable)
rPois  .         Gourm    .     (helmet restricted)
rElec  .         Spirit   .     v - +0 cloak
rCorr  .         Warding  .     (no gloves)
rMut   .         Stasis   .     B - +0 pair of boots
MR     .....                    (no amulet)
Stlth  ..........               (no ring)
                                (no ring)

@: exhausted, slowed, very slow, not resistant to hostile enchantments,
extremely unstealthy
A: retaliatory headbutt, horns 2
a: Berserk, Trog's Hand, Brothers in Arms, Burn Spellbooks, Renounce Religion


You were on level 7 of the Dungeon.
You worshipped Trog.
Trog was greatly pleased with you.
You were not hungry.

You visited 1 branch of the dungeon, and saw 7 of its levels.

You collected 381 gold pieces.
You spent 90 gold pieces at shops.

Inventory:

Hand Weapons
 a - a +0 spear
 y - a +0 scythe
 A - a +0 quarterstaff
 I - a +0 bardiche (weapon)
 V - a +0 shortbow of evasion
Missiles
 m - 3 throwing nets (quivered)
 w - 14 arrows
 K - 7 steel tomahawks
Armour
 v - a +0 cloak (worn)
 B - a +0 pair of boots (worn)
 H - a +1 buckler of resistance
 W - a +0 chain mail (worn)
Jewellery
 e - a cursed ring of loudness
 o - an uncursed ring of poison resistance {unknown}
 O - a cursed amulet of rage
Wands
 r - a wand of magic darts (19)
 x - a wand of digging (7)
 G - a wand of confusion (27)
 S - a wand of teleportation (4)
 X - a wand of fire (9)
Scrolls
 d - 4 scrolls of identify
 h - 2 scrolls of remove curse {unknown}
 l - a scroll of immolation {unknown}
 q - a scroll of random uselessness {unknown}
 t - 2 scrolls of magic mapping {unknown}
 E - 4 scrolls of fog {unknown}
 L - a scroll of enchant armour {unknown}
 P - a scroll of blinking {unknown}
 Q - a scroll of acquirement {unknown}
 R - a scroll of enchant weapon {unknown}
Potions
 c - 2 potions of poison {unknown}
 f - a potion of magic {unknown}
 g - a potion of ambrosia {unknown}
 i - 2 potions of curing {unknown}
 j - a potion of resistance {unknown}
 p - a potion of lignification {unknown}
 s - 3 potions of agility {unknown}
 u - a potion of heal wounds {unknown}
 z - 2 potions of might
 J - 2 potions of brilliance {unknown}
 M - 3 potions of haste
 T - a potion of invisibility {unknown}
Comestibles
 b - a royal jelly
 k - 12 fruits
 D - 4 bread rations
 F - a beef jerky
 N - 2 slices of pizza


   Skills:
 + Level 7.8 Fighting
 + Level 8.7 Polearms
 + Level 8.6 Armour
 + Level 7.2 Dodging
 + Level 2.3 Stealth


You had 8 spell levels left.
You didn't know any spells.

Dungeon Overview and Level Annotations

Branches:
Dungeon (7/15)             Temple (0/1) D:4

Altars:
Ashenzari
Dithmenos
Elyvilon
Fedhas
Kikubaaqudgha
Makhleb
Nemelex Xobeh
Okawaru
Qazlal
Ru
Trog
Xom
Yredelemnul

Shops:
D:6 **   D:7 [


Innate Abilities, Weirdness & Mutations

You reflexively headbutt those who attack you in melee.
You have a pair of horns on your head.


Message History

Eat which item? (? for menu, Esc to quit)
The hippogriff bites you!
* * * LOW HITPOINT WARNING * * *
The hippogriff pecks you but does no damage.
The hippogriff claws you.
* * * LOW HITPOINT WARNING * * *
That beef jerky was jerk-a-riffic!
You're too exhausted to go berserk.
You slash the hippogriff!
The hippogriff is heavily wounded.
The hippogriff barely misses you.
The hippogriff pecks you but does no damage.
The hippogriff claws you.
* * * LOW HITPOINT WARNING * * *
The hippogriff closely misses you. x2
The hippogriff claws you but does no damage.
The hippogriff barely misses you.
The hippogriff pecks you but does no damage.
The hippogriff claws you.
You die...

#......<.# ####.#
#........# #....#
...############.####
... #.........#
#.#######.# #.# ###
#.#
#.####.##########.
..........(@Hl.....
...#######)######..
#.....(......
#.....#.##.####
#%....#.# # .....
#.# ..... #.# ....
#.# .>.. #..


You could see a hippogriff and a giant newt.

Vanquished Creatures
  Joseph (D:7)
  The ghost of HandofTrog the Skirmisher, an amateur DsGl (D:4)
  Sigmund (D:2)
  An orc warrior (D:6)
  2 ice beasts (D:5)
  A phantom (D:7)
  3 centaurs
  3 scorpions
  10 wights (D:6)
  A wyvern skeleton (D:7)
  4 killer bees (D:7)
  4 hounds
  A crimson imp (D:5)
  4 jellies
  3 orc priests (D:5)
  2 orc wizards
  A quasit (D:7)
  2 worker ants (D:4)
  2 hound skeletons (D:4)
  A hound zombie (D:6)
  A worker ant zombie (D:5)
  3 gnolls (D:5)
  A shadow imp (D:6)
  10 adders
  2 oozes (D:3)
  An adder skeleton (D:6)
  5 worms
  17 orcs
  9 bats
  5 giant cockroaches
  4 goblins
  12 hobgoblins
  15 jackals
  4 quokkas
  4 giant geckos
  4 giant newts
  11 kobolds
  8 rats
164 creatures vanquished.

Notes
Turn   | Place    | Note
--------------------------------------------------------------
     0 | D:1      | Yevrel the Minotaur Berserker began the quest for the Orb.
     0 | D:1      | Reached XP level 1. HP: 19/19 MP: 0/0
   163 | D:1      | Reached XP level 2. HP: 24/27 MP: 1/1
   169 | D:1      | Reached skill level 4 in Polearms
   494 | D:1      | Reached ** piety under Trog
   823 | D:2      | Reached XP level 3. HP: 29/33 MP: 2/2
   874 | D:2      | Found a faded altar to an unknown god.
  1308 | D:2      | Noticed Sigmund
  1321 | D:2      | Killed Sigmund
  1321 | D:2      | Reached skill level 5 in Fighting
  1321 | D:2      | Reached skill level 5 in Polearms
  1321 | D:2      | Reached XP level 4. HP: 23/42 MP: 3/3
  1321 | D:2      | Reached XP level 5. HP: 26/48 MP: 4/4
  1580 | D:3      | Reached skill level 1 in Stealth
  1653 | D:3      | Reached *** piety under Trog
  1915 | D:3      | Reached XP level 6. HP: 42/56 MP: 5/5
  2326 | D:4      | Found a staircase to the Ecumenical Temple.
  2890 | D:4      | Reached XP level 7. HP: 49/61 MP: 6/6
  2901 | D:4      | Found a stormy altar of Qazlal.
  2910 | D:4      | Noticed HandofTrog's ghost (amateur DsGl)
  2926 | D:4      | Killed HandofTrog's ghost
  2926 | D:4      | Reached skill level 6 in Polearms
  2926 | D:4      | Reached skill level 5 in Dodging
  3059 | D:4      | Reached skill level 5 in Armour
  3089 | D:4      | Found an ancient bone altar of Kikubaaqudgha.
  3437 | D:4      | Found a white marble altar of Elyvilon.
  3440 | D:4      | Found a burning altar of Makhleb.
  3486 | D:5      | Entered Level 5 of the Dungeon
  3531 | D:5      | Found a sparkling altar of Nemelex Xobeh.
  3724 | D:5      | Reached **** piety under Trog
  3788 | D:5      | Reached XP level 8. HP: 67/71 MP: 7/7
  3888 | D:5      | Reached skill level 7 in Polearms
  4463 | D:6      | Found a shattered altar of Ashenzari.
  4746 | D:6      | Reached XP level 9. HP: 9/79 MP: 8/8
  5091 | D:6      | Found Fipnisyl's Assorted Antiques.
  5122 | D:6      | Found a shimmering altar of Xom.
  5136 | D:6      | Found Nitwab's Elemental Accessories.
  5195 | D:6      | Found a bloodstained altar of Trog.
  5195 | D:6      | Found a blossoming altar of Fedhas.
  5197 | D:6      | Found a sacrificial altar of Ru.
  5197 | D:6      | Found a basalt altar of Yredelemnul.
  5199 | D:6      | Found a shadowy altar of Dithmenos.
  5199 | D:6      | Found an iron altar of Okawaru.
  5428 | D:7      | Reached skill level 8 in Polearms
  5466 | D:7      | Found Lagysk's Antique Armour Boutique.
  5479 | D:7      | Bought a pair of boots for 90 gold pieces
  5778 | D:7      | Noticed Joseph
  5789 | D:7      | Killed Joseph
  5802 | D:7      | Slain by a hippogriff

Action                   |  1- 3 |  4- 6 |  7- 9 || total
-------------------------+-------+-------+-------++-------
Melee: Spear             |   129 |    32 |       ||   161
       Scythe            |       |    64 |       ||    64
       Bardiche          |       |    16 |   216 ||   232
Invok: Trog's Hand       |     1 |       |     1 ||     2
       Berserk           |       |     1 |     5 ||     6
       Burn Spellbooks   |       |       |     1 ||     1
  Use: Scroll            |       |     1 |     1 ||     2
       Potion            |       |       |     1 ||     1
 Stab: Sleeping          |     1 |       |       ||     1
  Eat: Chunk             |       |     3 |     9 ||    12
       Fruit             |       |     1 |       ||     1
       Bread ration      |       |     1 |       ||     1
       Meat ration       |       |       |     1 ||     1
       Beef jerky        |       |       |     1 ||     1
